Map: 瑟拉斯遺跡

Players

YouRush (JoJo)

  • Race: Zerg Zerg
  • League: Master

Expect - Winner!

  • Race: Terran Terran
  • League: Master

Event: 2016 WCS Winter Challenger Taiwan

VOD

Have the link to the VOD?

Description

Time

  • Played on: Jan. 14, 2016, 5:22 a.m.
  • Length: 10:04

All games in this series

Show
View Real Time Build Order
Export as new Build Order

YouRush Zerg 

Build Orders: 3 Hatch before Pool 

Get SALT Encoding   

  12  0:01  Drone  
  13  0:08  Drone  
  14  0:17  Overlord  
  14  0:35  Drone x3  
  17  0:54  Hatchery  
  17  0:57  Drone  
  17  1:00  Drone  
  18  1:25  Hatchery  
  17  1:35  Spawning Pool  
  17  1:36  Drone  
  17  1:42  Extractor  
  17  1:45  Drone  
  17  1:46  Drone  
  18  1:49  Drone  
  19  1:59  Drone  
  20  2:08  Drone  
  20  2:10  Drone  
  22  2:17  Overlord  
  22  2:19  Drone  
  22  2:22  Queen  
  25  2:29  Extractor  
  23  2:30  Spine Crawler  
  23  2:35  Extractor  
  23  2:36  Spore Crawler  
  20  2:37  Zergling x2  
  21  2:44  Zergling x2  
  24  2:54  Spore Crawler  
  23  2:58  Metabolic Boost  
  23  2:59  Drone  
  23  3:00  Drone  
  23  3:04  Drone x2  
  23  3:05  Drone  
  29  3:06  Drone x2  
  29  3:10  Drone  
  32  3:15  Drone  
  32  3:17  Drone  
  34  3:23  Drone  
  35  3:29  Queen  
  35  3:30  Drone  
  35  3:31  Drone  
  35  3:33  Drone  
  40  3:35  Drone  
  40  3:37  Drone  
  42  3:49  Overlord  
  42  3:51  Lair  
  42  4:02  Extractor  
  42  4:07  Overlord, Drone, Roach Warren  
  42  4:08  Drone  
  42  4:09  Drone, Zergling x2  
  44  4:15  Drone x2, Extractor  
  44  4:16  Drone  
  46  4:24  Spine Crawler  
  46  4:30  Drone x2, Spore Crawler  
  46  4:31  Drone  
  47  4:33  Spine Crawler  
  47  4:35  Drone, Spore Crawler  
  47  4:36  Zergling x2  
  47  4:37  Zergling x6  
  47  4:48  Zergling x2  
  39  5:01  Drone x5  
  39  5:02  Drone x4  
  46  5:20  Zergling x8  
  43  5:23  Spire  
  43  5:27  Zergling x6  
  45  5:30  Drone  
  42  5:51  Drone x3  
  42  5:55  Drone x3  
  48  5:59  Drone  
  48  6:00  Overlord  
  48  6:01  Overlord  
  48  6:07  Spore Crawler  
  48  6:10  Drone x2  
  46  6:14  Drone  
  46  6:15  Drone x2  
  46  6:16  Overlord  
  47  6:38  Mutalisk x3  
  50  6:41  Mutalisk  
  51  6:59  Mutalisk x2  
  55  7:06  Drone x2, Queen  
  59  7:12  Drone x4  
  63  7:16  Overlord  
  63  7:21  Spine Crawler  
  62  7:29  Mutalisk x3  
  66  7:31  Overlord  
  66  7:35  Drone x2  
  70  7:46  Zergling x14  
  77  7:53  Glial Reconstitution  
  77  7:57  Evolution Chamber  
  72  7:59  Drone  
  72  8:02  Queen  
  75  8:15  Zergling x14  
  71  8:36  Drone x3  
  71  8:41  Roach x7  
  81  8:54  Roach x6  
  83  9:02  Roach  
  83  9:05  Ravager  
  83  9:06  Ravager x3  
  87  9:15  Drone  
  87  9:16  Drone  
  89  9:18  Overlord x3  
  59  9:34  Roach x3  
  59  9:35  Zergling x2, Roach x3  
  68  9:41  Roach x2  
Show
View Real Time Build Order
Export as new Build Order

Expect Terran - Winner!

Build Orders: Liberator Opening, Reaper Expand, MMM Bio 

Get SALT Encoding   

  12  0:00  SCV  
  13  0:13  SCV  
  14  0:18  Supply Depot  
  14  0:25  SCV  
  15  0:39  SCV  
  15  0:40  Barracks  
  16  0:45  Refinery  
  16  0:51  SCV  
  17  1:03  SCV  
  18  1:16  SCV  
  19  1:27  Reaper  
  19  1:28  Orbital Command  
  20  1:45  Command Center  
  20  1:56  SCV  
  20  1:58  Supply Depot  
  21  2:09  Factory  
  21  2:10  SCV  
  21  2:13  Marine  
  23  2:19  Refinery  
  23  2:22  SCV  
  24  2:34  SCV  
  25  2:43  Barracks Reactor  
  25  2:46  SCV  
  26  2:58  SCV  
  26  3:02  Orbital Command  
  27  3:10  SCV  
  28  3:12  Starport  
  28  3:22  SCV  
  28  3:26  Hellion x2, Barracks Tech Lab  
  33  3:29  SCV  
  33  3:32  Liberator  
  34  3:34  SCV  
  34  3:38  Supply Depot  
  35  3:41  SCV  
  35  3:47  SCV  
  35  3:48  Hellion x2  
  41  3:53  SCV  
  45  3:57  Marine  
  45  4:00  SCV, Stimpack  
  45  4:01  Supply Depot  
  47  4:08  SCV  
  48  4:12  Supply Depot, SCV  
  48  4:13  Hellion x2  
  48  4:15  Liberator  
  53  4:18  Marine  
  53  4:23  SCV  
  55  4:24  SCV  
  56  4:34  Hellion  
  56  4:35  SCV, Hellion  
  56  4:36  SCV  
  56  4:37  Supply Depot  
  65  4:47  SCV  
  65  4:48  SCV  
  64  4:59  SCV  
  63  5:00  SCV  
  63  5:04  Barracks  
  63  5:06  Barracks  
  63  5:07  Barracks x2  
  60  5:11  SCV  
  60  5:12  SCV  
  62  5:28  Command Center, Engineering Bay  
  62  5:29  SCV  
  62  5:30  SCV  
  62  5:34  Engineering Bay  
  64  5:37  Marine  
  64  5:39  Starport Reactor  
  65  5:46  SCV x2  
  65  5:47  Supply Depot, Factory Reactor  
  65  5:48  Supply Depot  
  67  6:02  SCV x2  
  67  6:03  Barracks Reactor x3  
  67  6:04  Barracks Reactor, Combat Shields  
  69  6:05  Marine  
  69  6:06  Terran Infantry Armor Level 1  
  69  6:07  Terran Infantry Weapons Level 1  
  70  6:12  Refinery  
  70  6:13  Refinery  
  70  6:15  SCV  
  70  6:16  SCV  
  72  6:22  Marine  
  73  6:27  Barracks  
  70  6:39  SCV  
  64  6:40  SCV, Marine  
  64  6:45  Marine x2  
  64  6:46  Marine x5  
  64  6:47  Marine  
  70  6:49  Medivac x2  
  70  6:53  SCV x2  
  77  6:58  Marine  
  78  7:03  Marine x2  
  78  7:04  Orbital Command  
  78  7:05  SCV  
  78  7:08  Missile Turret  
  78  7:09  Missile Turret  
  78  7:12  Marine x2  
  80  7:16  Missile Turret  
  80  7:21  Marine x3  
  83  7:27  SCV x2  
  85  7:30  Marine x2  
  85  7:31  Armory, Marine x2  
  85  7:35  Marine x3  
  92  7:40  SCV x3  
  95  7:46  Marine x4  
  96  7:52  SCV x3  
  96  7:54  Refinery  
  99  8:00  Marine x3  
  100  8:09  Marine x2  
  100  8:10  Marauder, Marine x5  
  108  8:18  Marine  
  108  8:19  Supply Depot  
  109  8:20  Supply Depot  
  109  8:26  Marine  
  109  8:27  Medivac  
  109  8:28  Marine x2  
  109  8:30  Marine  
  109  8:35  Medivac  
  109  8:36  Marauder  
  109  8:37  Marine x2  
  109  8:38  Marine x2  
  109  8:39  Marine  
  109  8:40  Marine  
  108  8:44  Marine  
  108  8:46  Marine x2  
  108  8:48  Marine  
  109  8:55  Marine x2  
  103  8:57  Medivac  
  103  8:59  Command Center, Marine x2  
  103  9:00  Marauder, Marine x2  
  108  9:03  SCV x3  
  108  9:05  Medivac  
  108  9:06  Marine  
  108  9:07  Marine x3  
  117  9:16  Barracks, Marine x2  
  119  9:17  Marine  
  119  9:20  Marine  
  119  9:21  Marine  
  119  9:22  Marauder  
  121  9:27  Medivac  
  121  9:29  Marine x4  
  119  9:31  Marine  
  119  9:34  Marine x2  
  119  9:35  Marine  
  119  9:36  SCV  
  125  9:40  Supply Depot  
  125  9:41  Supply Depot  
  125  9:42  Supply Depot  
  125  9:44  Marine  
  125  9:45  Marine  
Tags
 
Add a new tag
Caveats
  • Supply blocks, unpowered buildings, or Contaminate may cause inaccurate times.
  • Supply counts are checked every 10 seconds.